 Dungeon Crawl Stone Soup version 0.17.1-2-g5865329 (webtiles) character file.

201 Mysteryquy the Gusty (level 5, -5/28 HPs)
             Began as a Tengu Air Elementalist on Jan 11, 2016.
             Slain by a scorpion (9 damage)
             ... on level 3 of the Dungeon.
             The game lasted 00:05:35 (3023 turns).

Mysteryquy the Gusty (Tengu Air Elementalist)       Turns: 3023, Time: 00:05:35

Health: -5/28      AC:  3    Str:  8    XL:     5   Next: 79%
Magic:  0/11       EV: 12    Int: 17    God:
Gold:   165        SH:  0    Dex: 14    Spells: 2 memorised, 7 levels left

rFire  . . .     SeeInvis .     o - +4 quarterstaff (chaos)
rCold  . . .     Clarity  .     a - +0 robe
rNeg   . . .     SustAt   .     (shield currently unavailable)
rPois  .         Gourm    .     (helmet restricted)
rElec  .         Spirit   .     p - +0 cloak
rCorr  .         Warding  .     (no gloves)
rMut   .         Stasis   .     (boots unavailable)
MR     .....                    k - amulet of faith
Stlth  ++........               (no ring)
                                (no ring)

@: lethally poisoned (-5 -> -13), very slightly contaminated, not resistant to
hostile enchantments, unstealthy
A: beak, talons 3, able to fly 1
a: Fly


You were on level 3 of the Dungeon.
You were near starving.

You visited 1 branch of the dungeon, and saw 3 of its levels.

You collected 165 gold pieces.

Inventory:

Hand Weapons
 o - a +4 quarterstaff of chaos (weapon)
Armour
 a - a +0 robe (worn)
 f - a +0 pair of boots
 p - a +0 cloak (worn)
Jewellery
 k - an amulet of faith (around neck)
 l - a +3 ring of dexterity {unknown}
Scrolls
 e - 3 scrolls of identify {unknown}
 r - a scroll of magic mapping {unknown}
 s - a scroll of blinking {unknown}
 u - a scroll of remove curse {unknown}
Potions
 g - a potion of cancellation {unknown}
 h - a potion of degeneration {unknown}
 i - 2 potions of agility {unknown}
 m - 2 potions of curing {unknown}
 t - a potion of heal wounds {unknown}
Books
 b - a book of Air

   Spells                             Type                      Level
   a - Shock                          Conjuration/Air              1
   b - Swiftness                      Charms/Air                   2
   c - Repel Missiles                 Charms/Air                   2
   d - Static Discharge               Conjuration/Air              3
   e - Lightning Bolt                 Conjuration/Air              5
Comestibles
 c - 3 bread rations
 d - 2 beef jerkies
 j - a slice of pizza
 n - 2 fruits
 q - a meat ration


   Skills:
 + Level 0.2 Fighting
 - Level 2.1 Dodging
 - Level 2.0 Stealth
 + Level 0.2 Unarmed Combat
 + Level 3.9 Spellcasting
 + Level 3.6 Conjurations
 + Level 5.5 Air Magic


You had 7 spell levels left.
You knew the following spells:

 Your Spells              Type           Power        Failure   Level  Hunger
a - Shock                 Conj/Air       ###.         2%          1    None
b - Static Discharge      Conj/Air       ###.....     10%         3    ###....


Dungeon Overview and Level Annotations

Branches:
Dungeon (3/15)

Altars:
Okawaru

Annotations:
D:3 Caphalor's ghost, amateur SpEn


Innate Abilities, Weirdness & Mutations

You have a beak for a mouth.
You have claws for feet.
You can fly.


Message History

Confirm with . or Enter, or press ? or * to list all spells.
You don't have enough magic to cast that spell.
You barely miss the scorpion.
The scorpion is severely wounded.
You feel sick. The scorpion stings you!
* * * LOW HITPOINT WARNING * * *
The scorpion completely misses you.
You hit the scorpion. You burn the scorpion.
The scorpion is severely wounded.
* * * LOW HITPOINT WARNING * * *
You feel sick. The scorpion closely misses you.
Casting: Shock
Confirm with . or Enter, or press ? or * to list all spells.
Aiming: Shock
Press: ? - help, Shift-Dir - straight line, f/p - scorpion
Aim: a scorpion (severely wounded)
The zap hits the scorpion.
The scorpion is almost dead.
The zap misses the goblin.
The scorpion stings you!
You die...

##### ######...#
#######........#.#
##.........####...#
...........†......
#..........####..#
#..#....... ....##
####..#.......####.W#
#...@.#....... ##..
#.###s#..s.... #..
#.# #g#.....g. #..
#<# #(..# #.. #.#
#..## .. #.# #..# ##.
#.# #.(# #.# #..# #.#
#..#


You could see a scorpion and a goblin.

Vanquished Creatures
  An orc priest (D:3)
  Crazy Yiuf (D:2)
  An orc wizard (D:3)
  Jessica (D:2)
  2 adders (D:2)
  An ooze (D:1)
  3 worms
  3 orcs (D:3)
  2 ball pythons (D:2)
  2 giant cockroaches (D:2)
  9 hobgoblins
  3 jackals (D:3)
  3 quokkas
  6 bats
  4 giant newts
  6 goblins
  4 kobolds
  7 rats
59 creatures vanquished.

Notes
Turn   | Place    | Note
--------------------------------------------------------------
     0 | D:1      | Mysteryquy the Tengu Air Elementalist began the quest for the Orb.
     0 | D:1      | Reached XP level 1. HP: 10/10 MP: 4/4
   186 | D:1      | Reached XP level 2. HP: 15/15 MP: 3/6
   752 | D:2      | Reached XP level 3. HP: 19/19 MP: 3/7
  1278 | D:2      | Noticed Jessica
  1282 | D:2      | Killed Jessica
  1282 | D:2      | Reached skill level 5 in Air Magic
  1282 | D:2      | Reached XP level 4. HP: 20/24 MP: 5/9
  1586 | D:2      | Learned a level 3 spell: Static Discharge
  1596 | D:2      | Found an iron altar of Okawaru.
  1680 | D:2      | Noticed Crazy Yiuf
  1684 | D:2      | Killed Crazy Yiuf
  1841 | D:2      | Gained mutation: You can fly. [Tengu growth]
  1841 | D:2      | Reached XP level 5. HP: 28/28 MP: 8/10
  2637 | D:3      | Noticed Caphalor's ghost (amateur SpEn)
  3023 | D:3      | Slain by a scorpion

Action                   |  1- 3 |  4- 6 || total
-------------------------+-------+-------++-------
Melee: Unarmed           |     7 |       ||     7
       Quarterstaff      |       |     5 ||     5
 Cast: Shock             |    51 |    80 ||   131
       Static Discharge  |       |     5 ||     5
  Eat: Chunk             |       |     6 ||     6
